 Dungeon Crawl Stone Soup version 0.31.0-11-ge490571c62 (webtiles) character file.

Game seed: 14950368512998873796

45 qw the Shooter (level 3, -1/20 HPs)
             Began as a Deep Elf Hunter on Feb 3, 2024.
             Frozen to death by an endoplasm (4 damage)
             ... on level 2 of the Dungeon.
             The game lasted 00:00:01 (473 turns).

qw the Shooter (Deep Elf Hunter)                     Turns: 473, Time: 00:00:02

Health: -1/20      AC:  3    Str: 10    XL:     3   Next: 42%
Magic:  5/5        EV: 12    Int: 13    God:
Gold:   25         SH:  0    Dex: 18    Spells: 2/2 levels left

rFire   . . .        a - +0 shortbow
rCold   . . .        (shield currently unavailable)
rNeg    . . .        c - +0 leather armour
rPois   .            (no helmet)
rElec   .            (no cloak)
rCorr   .            (no gloves)
SInv    .            (no boots)
Will    .....        (no amulet)
Stlth   ++           (no ring)
HPRegen 0.23/turn    (no ring)
MPRegen 0.09/turn

%: no passive effects
@: lethally poisoned (-1 -> -5)
A: no striking features
a: no special abilities


You were on level 2 of the Dungeon.
You visited 1 branch of the dungeon, and saw 2 of its levels.

You collected 25 gold pieces.


   Skills:
 - Level 1.5 Fighting
 + Level 7.0 Ranged Weapons
 - Level 2.4 Dodging
 - Level 1.2 Stealth


You had 2 spell levels left.
You didn't know any spells.
Your spell library was empty.

Inventory:

Hand Weapons
 a - a +0 shortbow (weapon)
Armour
 c - a +0 leather armour (worn)
Scrolls
 e - a scroll of enchant armour
Potions
 d - a potion of brilliance {unknown}
 f - a potion of lignification {unknown}
 i - a potion of attraction {unknown}

Dungeon Overview and Level Annotations

Branches:
Dungeon (2/15)

Altars:

Shops:
D:2 ([


Message History

The endoplasm quivers.
The endoplasm is moderately wounded.
An adder comes into view.
You shoot an arrow. The arrow misses the adder.
You shoot an arrow. The arrow barely misses the adder.
The adder closely misses you.
You shoot an arrow. The arrow hits the adder.
The adder is moderately wounded.
The adder closely misses you. The adder barely misses you.
You shoot an arrow. The arrow misses the adder.
The adder bites you.
You shoot an arrow.
The arrow hits the adder but does no damage.
The adder is moderately wounded.
The adder bites you.
You are poisoned.
The adder poisons you! The endoplasm barely misses you.
The adder barely misses you.
You shoot an arrow. The arrow barely misses the adder.
You feel sick. The endoplasm misses you. The adder bites you.
You shoot an arrow. The arrow closely misses the adder.
You feel sick. The adder barely misses you. The endoplasm barely misses you.
You shoot an arrow. The arrow hits the adder.
The adder is heavily wounded.
You feel sick. The adder bites you but does no damage.
The endoplasm freezes you.
You are frozen.
The adder barely misses you.
You shoot an arrow. The arrow misses the adder.
You feel sick. The adder bites you.
You are lethally poisoned!
The adder poisons you!
The endoplasm hits you but does no damage.
The adder barely misses you.
You shoot an arrow. The arrow misses the adder.
You feel sick. The endoplasm closely misses you. The adder barely misses you.
You shoot an arrow. The arrow closely misses the adder.
You feel sick. The endoplasm barely misses you. The adder barely misses you.
The endoplasm freezes you.
You are frozen.
You die...

## ... . ##.
#...####. ....
..#.#...... .:...
....#.....###... .
.............. ...
#.........\J#.....
..........@S......
#...^.....###.....
# #....).....# ...
#.##. .......)...#
# #.#..
#..........# .....
#..##..)..##
.....##...##...##
....#...%.##.##
#.......#.#


You could see an adder and an endoplasm.

Vanquished Creatures
  2 adders (D:2)
  2 dart slugs (D:1)
  3 endoplasms (D:1)
  2 goblins
  3 hobgoblins
  3 kobolds
  2 quokkas (D:1)
  2 bats
  A frilled lizard (D:1)
  A rat (D:1)
21 creatures vanquished.

Notes
Turn   | Place    | Note
-------+----------+-------------------------------------------
     0 | D:1      | qw the Deep Elf Hunter began the quest for the Orb.
     0 | D:1      | Reached XP level 1. HP: 12/12 MP: 3/3
     0 | D:1      | 0 ||| qw: Version: 0.3-a-157-g843a77d
     0 | D:1      | 0 ||| qw: Game counter: 3689
     0 | D:1      | 0 ||| qw: Melee chars always use a shield: true
     0 | D:1      | 0 ||| qw: God list: Okawaru
     0 | D:1      | 0 ||| qw: Allow faded altars: false
     0 | D:1      | 0 ||| qw: Do Orc after clearing Dungeon:15 true
     0 | D:1      | 0 ||| qw: Do second Lair branch before Depths: true
     0 | D:1      | 0 ||| qw: Lair rune preference: random
     0 | D:1      | 0 ||| qw: Goals: Normal
     0 | D:1      | 0 ||| PLANNING D:1-11
   112 | D:1      | Reached XP level 2. HP: 16/16 MP: 4/4
   120 | D:1      | Reached skill level 6 in Ranged Weapons
   378 | D:1      | 378 ||| DROPPING ring of wizardry.
   379 | D:1      | 379 ||| READING 2 scrolls labelled JYACWIM REUG.
   379 | D:1      | 379 ||| ENCHANTING +0 shortbow.
   380 | D:1      | 380 ||| READING scroll labelled KUMY ZEZAGOUKHUOW.
   381 | D:1      | 381 ||| DROPPING scroll of butterflies.
   398 | D:2      | Reached XP level 3. HP: 20/20 MP: 5/5
   438 | D:2      | Found Wueppuat's Weapon Shoppe.
   452 | D:2      | Reached skill level 7 in Ranged Weapons
   454 | D:2      | Found Xeapajoc's Antique Armour Emporium.
   472 | D:2      | HP: 4/20 [poisoned by an adder]
   473 | D:2      | Frozen to death by an endoplasm

Levels and vault maps discovered:
D:1:      grunt_arrival_crossed_arrows, layout_rooms, moated_statue
D:2:      layout_rooms, serial_shops, shop, nicolae_shop_bloodbath_and_beyond,
          nicolae_shop_gibbet_a_chance, nicolae_shop_overgrown_old_shop, shop

Skill      XL: |  1  2  3 |
---------------+----------+-----
Ranged Weapons | 6 7 |  7.0
Fighting       | |  1.5
Dodging        | |  2.4
Stealth        | |  1.2

Action                     || total
---------------------------++-------
   Fire: Shortbow          ||    62
    Use: Scroll            ||     2
 Armour: Leather armour    ||     8
  Dodge: Dodged            ||    15

Table legend:
 A = Non-vault XP
 B = Vault XP
 C = Vault XP percentage of total XP
 D = Non-vault monster count
 E = Vault monster count
 F = Vault count percentage of total count
                 A         B        C        D         E       F
            +---------+---------+-------+---------+---------+-------
      Total |      65 |       0 |   0.0 |      21 |       0 |   0.0
            +---------+---------+-------+---------+---------+-------
        D:1 |      30 |       0 |   0.0 |      15 |       0 |   0.0
        D:2 |      35 |       0 |   0.0 |       6 |       0 |   0.0
            +---------+---------+-------+---------+---------+-------
